 Dungeon Crawl Stone Soup version 0.28-a0-1447-ga5a8893891 (webtiles) character file.

Game seed: 4902021369338939430

47 wanderlust the Shooter (level 3, -1/26 HPs)
             Began as a Barachi Arcane Marksman on Jan 10, 2022.
             Slain by a giant cockroach (2 damage)
             ... on level 2 of the Dungeon on Jan 11, 2022.
             The game lasted 00:09:46 (1668 turns).

wanderlust the Shooter (Barachi Arcane Marksman)    Turns: 1668, Time: 00:09:47

Health: -1/26      AC:  5    Str: 13    XL:     3   Next: 70%
Magic:  1/4        EV: 10    Int: 13    God:
Gold:   62         SH:  0    Dex: 12    Spells: 3/4 levels left

rFire   . . .      SeeInvis .   a - +0 shortbow
rCold   . . .      Faith    .   (shield currently unavailable)
rNeg    . . .      Spirit   .   k - +0 ring mail {rPois}
rPois   +          Reflect  .   (no helmet)
rElec   .          Harm     .   (no cloak)
rCorr   .          Rampage  .   (no gloves)
Will    .....                   (no boots)
Stlth   +.........              (no amulet)
HPRegen 0.08/turn               (no ring)
MPRegen 0.09/turn               (no ring)

@: unable to hop, slow
A: amphibious, slowness 1, strong legs 1, +LOS
a: Hop


You were on level 2 of the Dungeon.
You visited 1 branch of the dungeon, and saw 2 of its levels.

You collected 62 gold pieces.

Inventory:

Hand Weapons
 a - a +0 shortbow (weapon)
 b - a +0 short sword
Missiles
 c - 4 arrows (quivered ammo)
 j - 4 boomerangs
Armour
 d - a +0 robe
 k - a +0 ring mail of poison resistance (worn)
Scrolls
 f - a scroll of noise {unknown}
 g - a scroll of identify {unknown}
 i - a scroll of summoning {unknown}
 l - a scroll of fear {unknown}
 m - a scroll of amnesia {unknown}
Potions
 e - a potion of haste {unknown}
 h - a potion of curing {unknown}


   Skills:
 - Level 1.2 Fighting
 * Level 3.9 Bows
 - Level 2.1 Dodging
 - Level 1.1 Spellcasting
 - Level 3.2 Hexes


You had 3 spell levels left.
You knew the following spells:

 Your Spells              Type           Power      Damage    Failure   Level
a - Slow                  Hex            36%        N/A       16%         1

Your spell library contained the following spells:

 Spells                   Type           Power      Damage    Failure   Level
 Inner Flame              Hex/Fire       4%         N/A       67%         3
 Portal Projectile        Hex/Tloc       8%         N/A       67%         3
 Cause Fear               Hex            4%         N/A       85%         4


Dungeon Overview and Level Annotations

Branches:
Dungeon (2/15)

Altars:


Innate Abilities, Weirdness & Mutations

You are amphibious.
You cover ground slowly.
You can hop short distances.
You have an extended range of vision and can be seen from far away.


Message History

Casting: Slow (safe; 16% risk of failure)
Confirm with . or Enter, or press ? or * to list all spells.
Aiming: Slow (safe; 16% risk of failure)
Press: ? - help, Shift-Dir - straight line, f/p - gnoll
Aim: a gnoll, wielding a +0 spear and quivering 2 throwing nets (chance to affect: 55%)
You miscast Slow.
You are very lightly contaminated with residual magic.
Nothing appears to happen.
The gnoll hits you but does no damage.
Casting: Slow (safe; 16% risk of failure)
Confirm with . or Enter, or press ? or * to list all spells.
Aiming: Slow (safe; 16% risk of failure)
Press: ? - help, Shift-Dir - straight line, f/p - gnoll
Aim: a gnoll, wielding a +0 spear and quivering 2 throwing nets (chance to affect: 55%)
The gnoll resists with significant effort.
The gnoll hits you from afar with a +0 spear.
Casting: Slow (safe; 16% risk of failure)
Confirm with . or Enter, or press ? or * to list all spells.
Aiming: Slow (safe; 16% risk of failure)
Press: ? - help, Shift-Dir - straight line, f/p - gnoll
Aim: a gnoll, wielding a +0 spear and quivering 2 throwing nets (chance to affect: 55%)
The gnoll resists with significant effort.
The gnoll completely misses you. The gnoll closely misses you.
Your magical contamination has completely faded away.
You open the door.
The gnoll hits you from afar with a +0 spear.
* * * LOW HITPOINT WARNING * * *
A hobgoblin comes into view.
Found a scroll labelled JIRACZ KELEEPUEH.
The hobgoblin shouts!
A giant cockroach comes into view.
There is an open door here.
The hobgoblin closely misses you.
The gnoll hits you from afar with a +0 spear.
* * * LOW HITPOINT WARNING * * *
The hobgoblin hits you.
* * * LOW HITPOINT WARNING * * *
The hobgoblin barely misses you. The giant cockroach bites you.
You die...

#.## .. #... ....###.
.......... ...... .... ###.
.....# ###+####.... #. ....
#.....?..... #. ....
#.......... #. ...
#.@......# #. #(.
#..B.....# ## #(#
#..g.....# ### #.#
#.gg.....# ... #.#
#........##### #g#
#.............
########.##########'#..####
.........#......#
#.#..########
####....##......#
#....#......#


You could see 2 gnolls, a giant cockroach and a hobgoblin.

Vanquished Creatures
  A gnoll (D:2)
  2 worms (D:2)
  A dart slug (D:1)
  5 endoplasms (D:1)
  4 hobgoblins (D:1)
  3 quokkas
  A ball python (D:1)
  A bat (D:2)
  2 frilled lizards (D:1)
  4 goblins
  A kobold (D:1)
  6 rats
31 creatures vanquished.

Notes
Turn   | Place    | Note
-------+----------+-------------------------------------------
     0 | D:1      | wanderlust the Barachi Arcane Marksman began the quest for
                  | the Orb.
     0 | D:1      | Reached XP level 1. HP: 15/15 MP: 2/2
   406 | D:1      | Reached XP level 2. HP: 21/21 MP: 3/3
  1064 | D:1      | Reached XP level 3. HP: 26/26 MP: 4/4
  1666 | D:2      | HP: 1/26 [hobgoblin (2)]
  1668 | D:2      | Slain by a giant cockroach

Illustrated notes

Levels and vault maps discovered:
D:1:      dpeg_arrival_pits, layout_loops_ring, dk_noncrumbling_4
D:2:      layout_basic

Skill      XL: |  1  2 |
---------------+-------+-----
Bows           | 3 |  3.9
Fighting       | |  1.2
Dodging        | |  2.1
Spellcasting   | |  1.1
Hexes          | |  3.2

Action                   || total
-------------------------++-------
Melee: Short sword       ||    53
 Fire: Shortbow          ||    55
 Cast: Slow              ||     4
 Abil: Hop               ||     2
  Use: Scroll            ||     1
Armor: Robe              ||     7
       Ring mail         ||     8
Dodge: Dodged            ||    43

Table legend: (Time is in decaauts)
 A = Elapsed time spent in this place.
 B = Non-inter-level travel time spent in this place.
 C = Inter-level travel time spent in this place.
 D = Time resting spent in this place.
 E = Time spent auto-exploring this place.
 F = Levels seen in this place.
 G = Mean time per level.
                   A        B        C        D        E       F      G
               +--------+--------+--------+--------+--------+-----+--------+
         Total |   1846 |   1830 |     16 |      0 |   1367 |   2 |  923.0 |
       Dungeon |   1846 |   1830 |     16 |      0 |   1367 |   2 |  923.0 |
               +--------+--------+--------+--------+--------+-----+--------+

Top non-repeatable levels by time:
     D:1: 1534 daAuts
     D:2: 311 daAuts
